 Dungeon Crawl Stone Soup version 0.27.1-16-g815e20cd7a (webtiles) character file.

Game seed: 11200347377137548212

3061 spaced the Basher (level 9, 0/56 HPs)
             Began as a Gargoyle Monk on Nov 23, 2021.
             Was an Elder of Makhleb.
             Slain by a cyclops (19 damage)
             ... on level 7 of the Dungeon.
             The game lasted 00:34:41 (7813 turns).

spaced the Basher (Gargoyle Monk)                   Turns: 7813, Time: 00:34:42

Health: 0/56       AC: 13    Str: 18    XL:     9   Next: 88%
Magic:  12/12      EV: 13    Int: 11    God:    Makhleb [****..]
Gold:   251        SH:  0    Dex: 12    Spells: 11/12 levels left

rFire    . . .     SeeInvis .   B - +6 great mace (vorpal)
rCold    . . .     Faith    .   (shield currently unavailable)
rNeg     + + .     Spirit   .   t - +2 robe {rN+}
rPois    ∞         Reflect  .   w - +2 helmet
rElec    +         Harm     .   (no cloak)
rCorr    .         Rampage  .   (no gloves)
Will     +....                  (no boots)
Stlth    +++.......             (no amulet)
HPRegen  0.18/turn              C - ring of willpower
MPRegen  0.13/turn              (no ring)

@: no status effects
A: sickness immunity, AC +6, negative energy resistance 1, electricity
resistance, torment resistance 1, petrification resistance
a: Renounce Religion, Minor Destruction, Lesser Servant of Makhleb, Major
Destruction


You were on level 7 of the Dungeon.
You worshipped Makhleb.
Makhleb was greatly pleased with you.
You visited 1 branch of the dungeon, and saw 7 of its levels.

You collected 251 gold pieces.

Inventory:

Hand Weapons
 a - a +0 mace
 l - a +0 longbow
 B - a +6 vorpal great mace (weapon)
Missiles
 e - 28 poisoned darts (quivered)
Armour
 b - a +0 robe
 p - a +0 ring mail
 r - a +0 ring mail of willpower
 t - a +2 robe of positive energy (worn)
 w - a +2 helmet (worn)
 y - a +0 scale mail
Jewellery
 C - a ring of willpower (left hand)
Wands
 c - a wand of iceblast (9)
 F - a wand of acid (5)
Scrolls
 f - 3 scrolls of teleportation
 g - a scroll of fog {unknown}
 j - a scroll of vulnerability {unknown}
 k - a scroll of immolation {unknown}
 o - a scroll of enchant weapon
 q - a scroll of torment {unknown}
 s - a scroll of amnesia {unknown}
 z - a scroll of noise {unknown}
 A - a scroll of silence {unknown}
 E - a scroll of acquirement {unknown}
 G - a scroll of blinking
Potions
 d - 2 potions of attraction
 h - a potion of haste {unknown}
 i - a potion of degeneration
 m - a potion of flight
 n - a potion of cancellation {unknown}
 u - 2 potions of might
 v - a potion of heal wounds {unknown}
 x - a potion of magic {unknown}
 D - a potion of brilliance {unknown}


   Skills:
 + Level 6.4 Fighting
 + Level 8.8 Maces & Flails
 + Level 4.5 Throwing
 + Level 2.0 Armour
 + Level 4.3 Dodging
 + Level 4.6 Stealth
 + Level 2.2 Spellcasting
 + Level 1.8 Conjurations
 * Level 0.7 Summonings
 + Level 1.5 Air Magic
 + Level 2.0 Invocations


You had 11 spell levels left.
You knew the following spells:

 Your Spells              Type           Power      Damage    Failure   Level
a - Shock                 Conj/Air       16%        1d4       14%         1

Your spell library contained the following spells:

 Spells                   Type           Power      Damage    Failure   Level
 Foxfire                  Conj/Fire      12%        2x1d4     21%         1
 Wereblood                Tmut           1%         N/A       41%         2
 Swiftness                Air            4%         N/A       41%         3
 Conjure Flame            Conj/Fire      3%         6-21      52%         3
 Inner Flame              Hex/Fire       1%         N/A       65%         3
 Airstrike                Air            2%         N/A       83%         4
 Summon Lightning Spire   Summ/Air       3%         N/A       87%         4
 Cause Fear               Hex            0%         N/A       96%         4
 Dragon Form              Tmut           0%         N/A       100%        7
 Storm Form               Tmut/Air       1%         N/A       100%        7
 Summon Hydra             Summ           1%         N/A       100%        7
 Maxwell's Capacitive Co  Air            2%         ∞         100%        8
 Dragon's Call            Summ           1%         N/A       100%        9
 Sublimation of Blood     Necr           Unusable   N/A       N/A         2

Dungeon Overview and Level Annotations

Branches:
Dungeon (7/15)             Temple (0/1) D:4

Altars:
Makhleb

Shops:
D:1 [

Portals:
Abyss: D:6


Innate Abilities, Weirdness & Mutations

You are immune to sickness and miasma.
Your stone body is resilient. (AC +6)
You are immune to poison.
You resist negative energy. (rN+)
You are resistant to electric shocks. (rElec)
You are resistant to unholy torment.
You are immune to petrification.


Message History

You barely miss the kobold brigand.
The kobold brigand is almost dead.
The kobold brigand hits you with a +0 dagger.
You barely miss the kobold brigand.
The kobold brigand is almost dead.
The kobold brigand barely misses you.
You sock the kobold brigand!
You kill the kobold brigand!
Makhleb accepts your kill.
You feel better.
You start resting.
A cyclops comes into view.
Throw: 31 darts (poison)
Press: ? - help, Q - select action, (/) - cycle Shift-Dir - straight line, f - cyclops
Aim: a cyclops, quivering large rocks (wandering, hasn't noticed you, 87% to hit)
You throw a poisoned dart. The poisoned dart hits the cyclops.
The cyclops is poisoned.
The cyclops shouts!
Throw: 30 darts (poison)
Press: ? - help, Q - select action, (/) - cycle Shift-Dir - straight line, f/p - cyclops
Aim: a cyclops, quivering large rocks (poisoned, 87% to hit)
You throw a poisoned dart. The poisoned dart hits the cyclops.
The cyclops looks even sicker.
Throw: 29 darts (poison)
Press: ? - help, Q - select action, (/) - cycle Shift-Dir - straight line, f/p - cyclops
Aim: a cyclops, quivering large rocks (very poisoned, 87% to hit)
You throw a poisoned dart. The poisoned dart hits the cyclops!
The cyclops looks as sick as possible!
The cyclops throws a large rock.
The large rock hits you!!
Items here: ( )) †.
You sock the cyclops!
The cyclops is moderately wounded.
The cyclops closely misses you.
You hit the cyclops.
The cyclops is heavily wounded.
The cyclops barely misses you.
You sock the cyclops!
The cyclops is almost dead.
The cyclops hits you!!
You die...

#...##8###8#.#
##...#### ###.#
#⌠...8# #..#
##...#######.##
#...##......#
##...##...####
#8...8#...###########
##...##...'.........)
#.C@)..<.######.####
#(###....# #.#
#####)###....# #.#
#...)........# #.#
#((......##### #.#
#.(......# #.#
..........##### #.#
.......[...)...## #.#
.#.........###..# #.#


You could see a cyclops (very poisoned).

Vanquished Creatures
  Pikel (D:7)
  Sigmund (D:3)
  2 small abominations (D:6)
  An orc warrior (D:7)
  A sky beast (D:7)
  A black bear (D:5)
  3 ogres
  2 centaurs
  2 phantoms
  A kobold brigand (D:7)
  A bullfrog (D:6)
  A gnoll sergeant (D:6)
  A scorpion (D:4)
  4 wights (D:6)
  A howler monkey (D:5)
  A centaur zombie (D:6)
  2 jellies
  2 bullfrog skeletons
  3 hounds
  5 orc priests
  2 centaur skeletons
  An iron imp (D:6)
  2 iguanas
  3 orc wizards (D:4)
  A howler monkey zombie (D:5)
  A howler monkey skeleton (D:5)
  6 adders
  3 white imps
  An adder zombie (D:5)
  4 worms
  3 dart slugs
  18 orcs
  10 endoplasms
  A giant cockroach (D:4)
  6 goblins
  2 hobgoblins
  3 jackals (D:2)
  3 quokkas
  3 ball pythons (D:1)
  14 bats
  3 frilled lizards
  9 kobolds
  7 rats
142 creatures vanquished.

Vanquished Creatures (collateral kills)
  The ghost of ystael the Chopper, an amateur MiFi (D:6)
1 creature vanquished.

Vanquished Creatures (others)
  A plant (D:4)
1 creature vanquished.

Grand Total: 144 creatures vanquished

Notes
Turn   | Place    | Note
-------+----------+-------------------------------------------
     0 | D:1      | spaced the Gargoyle Monk began the quest for the Orb.
     0 | D:1      | Reached XP level 1. HP: 14/14 MP: 1/1
   417 | D:1      | Reached XP level 2. HP: 11/19 MP: 2/2
  1015 | D:1      | Found Yruugh's Armour Shop.
  1110 | D:2      | Reached XP level 3. HP: 20/24 MP: 3/3
  1683 | D:2      | Found a faded altar of an unknown god.
  1725 | D:2      | Became a worshipper of Makhleb the Destroyer
  1725 | D:2      | Reached * piety under Makhleb
  1725 | D:2      | Reached ** piety under Makhleb
  1878 | D:3      | Reached XP level 4. HP: 25/29 MP: 4/4
  2210 | D:3      | Reached skill level 4 in Maces & Flails
  2396 | D:3      | Noticed Sigmund
  2408 | D:3      | Killed Sigmund
  2408 | D:3      | Reached *** piety under Makhleb
  2409 | D:3      | Reached skill level 1 in Armour
  2409 | D:3      | Reached XP level 5. HP: 8/33 MP: 5/5
  2409 | D:3      | Reached XP level 6. HP: 10/38 MP: 6/6
  3256 | D:4      | Reached skill level 5 in Maces & Flails
  3738 | D:4      | Found a staircase to the Ecumenical Temple.
  3773 | D:4      | Reached skill level 1 in Throwing
  3773 | D:4      | Reached XP level 7. HP: 34/44 MP: 7/7
  4116 | D:4      | Learned a level 1 spell: Shock
  4527 | D:5      | Entered Level 5 of the Dungeon
  4940 | D:5      | Reached skill level 1 in Invocations
  4989 | D:5      | Reached **** piety under Makhleb
  5065 | D:5      | Reached skill level 6 in Maces & Flails
  5068 | D:5      | Reached XP level 8. HP: 37/48 MP: 5/9
  5076 | D:5      | Reached skill level 5 in Fighting
  5653 | D:6      | Reached skill level 1 in Spellcasting
  5837 | D:6      | Reached skill level 7 in Maces & Flails
  5882 | D:6      | Reached skill level 1 in Conjurations
  6200 | D:6      | Found a transporter.
  6219 | D:6      | Found a one-way gate to the infinite horrors of the Abyss.
  6219 | D:6      | Noticed ystael's ghost (amateur MiFi)
  6269 | D:6      | Found a transporter.
  6339 | D:6      | Reached XP level 9. HP: 54/54 MP: 11/11
  6777 | D:6      | Killed ystael's ghost
  6778 | D:6      | Reached skill level 8 in Maces & Flails
  6778 | D:6      | Reached skill level 1 in Air Magic
  7122 | D:7      | Noticed Pikel
  7133 | D:7      | Killed Pikel
  7806 | D:7      | Noticed a cyclops
  7813 | D:7      | Slain by a cyclops

Illustrated notes

Levels and vault maps discovered:
D:1:      dpeg_arrival_line_fractal, layout_rooms, serial_shops,
          nicolae_shop_temple_entry_statues_fountains
D:2:      layout_basic, hellmonk_ecumenical_altar_lost_god
D:3:      layout_rooms, roderic_batcave, hex_intersection, uniq_sigmund
D:4:      layout_basic, minmay_temple_entry_gardened_gates
D:5:      kennysheep_six_static_rooms, layout_basic
D:6:      layout_basic, gammafunk_ghost_abyssal_escape
D:7:      layout_basic, corexii_hall_statues_l, uniq_pikel

Skill      XL: |  1  2  3  4  5  6  7  8  9 |
---------------+----------------------------+-----
Maces & Flails | 4 5 6 7 8 |  8.8
Fighting       | 4 5 6 |  6.4
Armour         | 1 2 |  2.0
Dodging        | 3 4 |  4.3
Stealth        | 3 4 |  4.6
Throwing       | 1 2 4 |  4.5
Invocations    | 1 2 |  2.0
Spellcasting   | 1 2 |  2.2
Conjurations   | 1 |  1.8
Air Magic      | 1 |  1.5
Summonings     | |  0.7

Action                   |  1- 3 |  4- 6 |  7- 9 || total
-------------------------+-------+-------+-------++-------
Melee: Mace              |   123 |   152 |    20 ||   295
       Great mace        |       |       |   146 ||   146
Throw: Dart              |       |    35 |    78 ||   113
 Cast: Shock             |       |       |    31 ||    31
Invok: Minor Destruction |       |     2 |     2 ||     4
       Lesser Servant of |       |       |     1 ||     1
       Major Destruction |       |       |     1 ||     1
  Use: Potion            |       |     1 |       ||     1
       Scroll            |       |       |    12 ||    12
 Stab: Sleeping          |     6 |     1 |     3 ||    10
Armor: Robe              |    42 |    38 |    60 ||   140
       Ring mail         |       |    70 |       ||    70
Dodge: Dodged            |    83 |   131 |   105 ||   319
